Map: Jagannatha LE

Players

PuffGoof

  • Race: Zerg Zerg
  • League: Platinum

rendevie - Winner!

  • Race: Terran Terran
  • League: Diamond

VOD

Have the link to the VOD?

Description

Time

  • Played on: April 22, 2021, 7:55 p.m.
  • Length: 12:31
Show
View Real Time Build Order
Export as new Build Order

PuffGoof Zerg 

Build Orders: Pool First 

Get SALT Encoding   

  12  0:00  Drone  
  13  0:12  Overlord  
  13  0:18  Drone  
  14  0:32  Drone x2  
  14  0:35  Drone  
  17  0:46  Spawning Pool  
  16  0:50  Drone  
  16  0:56  Drone  
  18  1:16  Hatchery  
  18  1:18  Extractor  
  16  1:20  Drone  
  16  1:22  Drone  
  18  1:32  Queen  
  18  1:36  Zergling x2  
  21  1:47  Roach Warren  
  21  1:52  Overlord  
  20  1:56  Drone  
  20  2:01  Drone  
  22  2:12  Queen  
  24  2:34  Roach x3  
  24  2:36  Queen  
  32  2:45  Drone x2  
  32  2:46  Drone  
  34  3:09  Overlord  
  34  3:18  Lair  
  34  3:20  Drone x2  
  34  3:23  Overlord  
  36  3:31  Drone x4  
  36  3:32  Drone  
  36  3:33  Drone  
  36  3:34  Drone  
  37  4:01  Extractor  
  37  4:02  Roach x2  
  42  4:03  Extractor, Roach x4  
  42  4:05  Overlord x2  
  46  4:44  Glial Reconstitution  
  46  4:45  Spore Crawler  
  45  5:01  Drone x3  
  45  5:02  Drone x3  
  45  5:03  Drone x5  
  56  5:14  Overseer  
  56  5:25  Drone x3  
  59  5:39  Hatchery  
  56  5:45  Spore Crawler  
  54  5:55  Drone x4  
  56  6:03  Drone x3  
  58  6:21  Ravager x6  
  64  7:08  Roach x6  
  71  7:10  Overlord x5  
  67  7:45  Roach  
  67  7:46  Roach x11  
  88  8:08  Spore Crawler  
  88  8:11  Spore Crawler x2  
  85  8:15  Spore Crawler  
  85  8:16  Extractor, Spire  
  82  8:23  Overseer  
  82  8:28  Drone x5  
  84  8:34  Drone x2  
  69  9:02  Roach  
  69  9:03  Roach x13  
  79  9:35  Corruptor  
  79  9:36  Corruptor x5  
  70  9:59  Corruptor x2  
  46  10:19  Drone x2  
  46  10:20  Drone x3  
  51  10:32  Corruptor x3  
  53  10:50  Extractor  
  53  10:51  Extractor  
  36  11:11  Spire  
  32  11:13  Spore Crawler  
  32  11:14  Spore Crawler  
  23  11:44  Hatchery, Drone x6  
  28  11:49  Drone x2  
Show
View Real Time Build Order
Export as new Build Order

rendevie Terran - Winner!

Build Orders:  

Get SALT Encoding   

  12  0:00  SCV  
  13  0:12  SCV  
  14  0:20  Supply Depot  
  14  0:26  Refinery  
  14  0:27  SCV  
  15  0:43  Barracks  
  15  0:46  SCV  
  16  0:58  SCV  
  17  1:11  SCV  
  18  1:23  SCV  
  19  1:31  Factory  
  19  1:36  Orbital Command  
  19  1:45  Barracks Reactor  
  19  1:55  Supply Depot  
  19  2:02  SCV  
  20  2:14  SCV, Command Center  
  21  2:26  Hellion  
  21  2:27  Hellion  
  21  2:29  Marine  
  26  2:35  SCV  
  27  2:41  Starport  
  27  2:48  Hellion  
  29  2:52  Hellion  
  31  3:05  Barracks Tech Lab  
  31  3:11  SCV, Bunker  
  30  3:19  Supply Depot  
  30  3:23  SCV  
  30  3:26  Marauder, Widow Mine x2  
  37  3:31  Starport Tech Lab  
  37  3:35  Refinery  
  36  3:59  Widow Mine  
  36  4:00  Widow Mine  
  36  4:02  SCV  
  41  4:05  Orbital Command  
  41  4:07  Refinery  
  41  4:11  Banshee  
  41  4:15  SCV  
  37  4:35  Widow Mine x2  
  37  4:36  Marauder  
  37  4:37  Stimpack  
  41  4:45  SCV x2  
  43  4:59  Marauder  
  45  5:01  SCV x2  
  47  5:07  Command Center  
  47  5:13  SCV  
  48  5:16  SCV  
  48  5:20  Supply Depot  
  49  5:25  Supply Depot  
  49  5:26  SCV  
  49  5:28  SCV  
  51  5:34  Fusion Core  
  51  5:42  SCV x2  
  53  5:43  Marauder  
  52  6:04  SCV  
  52  6:05  SCV  
  52  6:09  Refinery  
  54  6:13  Supply Depot  
  54  6:16  SCV  
  53  6:22  Battlecruiser  
  53  6:24  Marauder  
  61  6:27  Widow Mine x2  
  61  6:29  SCV x2  
  67  6:36  Supply Depot  
  67  6:41  SCV x2  
  67  6:42  Starport  
  67  6:43  Starport  
  60  7:12  Marauder  
  60  7:14  Widow Mine x2  
  64  7:22  Supply Depot  
  64  7:26  Supply Depot, Battlecruiser, Starport Tech Lab x2  
  64  7:27  Supply Depot  
  57  8:04  Battlecruiser  
  59  8:15  Refinery  
  59  8:24  Refinery  
  59  8:31  Battlecruiser  
  59  8:57  Battlecruiser  
  58  9:07  SCV  
  52  9:11  Widow Mine  
  55  9:19  SCV  
  55  9:22  Marauder  
  55  9:23  Battlecruiser, Widow Mine  
  64  9:26  Orbital Command  
  64  9:28  Refinery  
  64  9:30  Refinery  
  53  10:00  Orbital Command  
  53  10:02  Marauder  
  55  10:14  Armory  
  55  10:58  Battlecruiser  
  61  11:25  Orbital Command  
Tags
 
Add a new tag
Caveats
  • Supply blocks, unpowered buildings, or Contaminate may cause inaccurate times.
  • Supply counts are checked every 10 seconds.